Map: Thunderbird LE

Players

Effrenus

  • Race: Protoss Protoss
  • League: Master
  • Spawn Location: 5:00

Mez - Winner!

  • Race: Terran Terran
  • League: Master
  • Spawn Location: 11:00

VOD

Have the link to the VOD?

Description

Time

  • Played on: Aug. 16, 2019, 7:29 a.m.
  • Length: 15:29
Show
View Real Time Build Order
Export as new Build Order

Effrenus Protoss 

Build Orders: Chargelot Immortal 

Get SALT Encoding   

  12  0:00  Probe  
  13  0:13  Probe  
  14  0:21  Pylon  
  14  0:25  Probe  
  15  0:38  Probe  
  15  0:41  Gateway  
  16  0:45  Assimilator  
  16  0:46  Probe  
  16  0:54  Probe  
  18  1:06  Probe, Assimilator  
  19  1:13  Gateway  
  19  1:18  Probe  
  20  1:30  Cybernetics Core  
  20  1:32  Probe  
  21  1:37  Pylon  
  21  1:44  Probe  
  22  1:56  Stalker x2, Probe  
  23  2:08  Probe, Warp Gate  
  28  2:26  Adept  
  29  2:40  Nexus  
  29  2:45  Pylon  
  29  2:54  Probe  
  30  3:06  Probe  
  27  3:45  Probe  
  28  3:48  Stalker  
  28  3:49  Shield Battery  
  28  3:54  Twilight Council  
  30  3:57  Robotics Facility, Forge, Probe  
  31  4:09  Probe  
  30  4:11  Stalker, Protoss Ground Weapons Level 1  
  30  4:12  Probe  
  30  4:15  Assimilator  
  33  4:19  Probe  
  33  4:20  Probe  
  33  4:23  Charge  
  34  4:27  Probe  
  34  4:29  Probe  
  36  4:31  Photon Cannon  
  36  4:35  Probe  
  36  4:37  Sentry x2  
  41  4:38  Probe  
  43  4:48  Probe, Observer  
  43  4:50  Probe  
  46  4:57  Gateway  
  46  5:01  Stalker  
  46  5:04  Probe x2  
  50  5:08  Warp Prism  
  50  5:11  Phoenix  
  52  5:16  Probe  
  52  5:18  Gateway  
  52  5:19  Probe  
  54  5:25  Pylon  
  54  5:35  Pylon  
  54  5:43  Probe x2  
  54  5:45  Immortal  
  54  5:48  Assimilator  
  60  5:55  Probe  
  60  5:56  Observer  
  61  6:13  Nexus  
  61  6:30  Photon Cannon  
  61  6:32  Templar Archives  
  61  6:33  Probe  
  61  6:34  Probe  
  61  6:35  Immortal, Gateway  
  61  6:36  Gateway  
  61  6:37  Zealot  
  61  6:38  Protoss Ground Armor Level 1  
  69  6:43  Pylon  
  69  6:45  Blink  
  69  6:46  Probe, Pylon  
  70  6:49  Pylon  
  70  6:58  Psionic Storm  
  70  7:01  Probe  
  71  7:10  Zealot x2, Robotics Facility  
  71  7:11  Zealot  
  71  7:12  Probe  
  78  7:25  Zealot  
  78  7:29  Zealot  
  82  7:41  Probe  
  79  7:55  Zealot x4  
  71  8:15  Probe  
  71  8:17  Immortal  
  71  8:19  Warp Prism  
  76  8:21  High Templar x4  
  76  8:23  Zealot x2  
  76  8:24  Probe  
  76  8:25  Probe  
  90  8:27  Probe  
  90  8:29  Assimilator  
  90  8:31  Assimilator  
  91  8:36  Probe  
  91  8:37  Probe  
  91  8:40  Pylon  
  93  8:43  Zealot, Pylon  
  93  8:44  Zealot  
  97  8:50  Robotics Bay  
  97  8:53  Zealot  
  97  8:54  Zealot x3  
  105  9:01  Immortal  
  109  9:03  Immortal  
  109  9:07  Probe  
  114  9:13  Photon Cannon  
  114  9:15  Shield Battery  
  114  9:17  Photon Cannon  
  114  9:23  Zealot x2  
  114  9:24  Zealot x3  
  120  9:31  Archon  
  100  9:33  Zealot  
  80  9:47  Colossus  
  80  9:48  Probe x3  
  80  9:50  Zealot  
  80  9:51  Zealot x3  
  91  9:53  Immortal  
  101  10:00  Probe  
  101  10:02  High Templar  
  101  10:03  High Templar  
  106  10:09  Extended Thermal Lance  
  106  10:13  Observer  
  104  10:14  Protoss Ground Weapons Level 2  
  104  10:16  Zealot x3  
  104  10:17  Zealot  
  104  10:21  Probe  
  104  10:26  Observer  
  106  10:37  Probe  
  106  10:40  Colossus  
  106  10:41  High Templar  
  115  10:44  Stalker x3  
  115  10:45  Stalker  
  115  10:46  Sentry  
  125  11:02  Nexus  
  125  11:06  Gateway  
  125  11:08  Pylon, Gateway  
  125  11:11  Assimilator, Pylon, Gateway  
  125  11:26  Probe  
  125  11:28  High Templar x2, Sentry  
  125  11:29  Sentry  
  127  11:45  Stalker x2  
  112  11:59  Archon x2  
  104  12:02  Zealot x4  
  100  12:14  Probe x2  
  100  12:15  Probe  
  103  12:18  High Templar x2  
  103  12:20  Colossus  
  111  12:26  Probe x2  
  111  12:27  Probe  
  112  12:38  Probe  
  112  12:39  Probe  
  112  12:43  Probe  
  115  12:50  Probe  
  115  12:51  Probe, Colossus, Protoss Ground Armor Level 2  
  117  12:54  High Templar x2  
  117  12:55  Probe  
  128  13:03  Probe x2  
  128  13:04  Pylon  
  128  13:05  Pylon  
  130  13:07  Probe  
  131  13:21  Immortal  
  131  13:23  Stalker x3  
  131  13:25  Probe  
  142  13:28  Probe  
  142  13:31  Assimilator  
  142  13:32  Probe  
  145  13:34  Probe  
  145  13:37  Stalker x2  
  149  13:46  Stalker x2  
  149  13:48  High Templar  
  155  13:56  Probe  
  155  13:59  Pylon  
  155  14:01  Pylon  
  156  14:05  Pylon  
  156  14:17  Probe x2, Warp Prism  
  156  14:18  Immortal  
  156  14:20  Photon Cannon  
  156  14:22  High Templar x2  
  156  14:23  High Templar x2  
  171  14:27  Sentry x2  
  171  14:30  Archon x2  
  175  14:41  Zealot x2  
  141  14:58  Stalker  
  141  14:59  Stalker x4  
  147  15:01  Stalker  
  147  15:06  Archon x2  
  100  15:15  Probe  
  100  15:16  Probe  
Show
View Real Time Build Order
Export as new Build Order

Mez Terran - Winner!

Build Orders: Reaper Expand 

Get SALT Encoding   

  12  0:00  SCV  
  13  0:13  SCV  
  14  0:17  Supply Depot  
  14  0:25  SCV  
  15  0:39  SCV  
  15  0:40  Barracks  
  16  0:46  Refinery  
  16  0:51  SCV  
  17  1:03  SCV  
  18  1:15  SCV  
  19  1:29  Reaper, Orbital Command  
  20  1:41  Command Center  
  20  1:58  SCV  
  21  2:03  Barracks Reactor, Supply Depot  
  21  2:13  SCV  
  22  2:18  Bunker  
  23  2:30  SCV  
  23  2:32  Command Center  
  22  2:40  Marine x2  
  22  2:42  SCV  
  25  2:49  Factory  
  25  2:57  Orbital Command  
  25  3:02  Marine x2  
  27  3:06  SCV  
  28  3:15  Refinery  
  28  3:19  SCV  
  29  3:21  Marine x2  
  31  3:31  SCV x2  
  31  3:43  SCV x2  
  31  3:44  Widow Mine  
  31  3:47  Starport  
  35  3:51  Marine x2  
  35  3:55  SCV x2  
  37  4:13  Widow Mine  
  39  4:19  Marine x2  
  39  4:20  SCV x2  
  39  4:22  Orbital Command  
  43  4:25  Starport Tech Lab  
  43  4:32  Refinery, SCV x2  
  43  4:37  Marine x2  
  47  4:39  Factory Tech Lab  
  47  4:44  SCV x2  
  49  4:47  Raven  
  49  4:49  SCV  
  52  4:56  SCV x2  
  54  5:01  SCV  
  54  5:06  Barracks  
  55  5:07  Orbital Command  
  55  5:08  SCV x2  
  55  5:09  Barracks  
  58  5:17  Marine x2  
  58  5:20  SCV  
  60  5:25  Supply Depot  
  60  5:26  SCV  
  60  5:27  Supply Depot  
  60  5:28  Refinery  
  61  5:37  Factory Reactor  
  61  5:44  SCV x3, Starport Reactor  
  64  5:50  Supply Depot  
  64  5:52  Marine  
  64  5:53  Marine  
  64  5:54  Stimpack  
  64  5:56  SCV x3  
  69  5:58  Engineering Bay x2  
  69  6:06  Combat Shield  
  69  6:08  SCV x3, Marauder x2  
  76  6:13  Supply Depot  
  76  6:18  Marine x2  
  78  6:20  SCV x3  
  78  6:21  Medivac  
  78  6:25  Medivac  
  85  6:26  Terran Infantry Weapons Level 1  
  85  6:28  Terran Infantry Armor Level 1  
  85  6:31  Supply Depot  
  85  6:33  SCV  
  85  6:36  Marauder x2  
  85  6:39  SCV x2, Supply Depot  
  92  6:45  SCV  
  93  6:48  Refinery  
  93  6:51  Barracks  
  93  6:52  Widow Mine, Barracks  
  93  6:53  Widow Mine  
  97  6:58  SCV x3  
  100  7:03  Supply Depot  
  100  7:07  Marine x2, Marauder x2  
  100  7:08  Supply Depot  
  106  7:10  SCV x3  
  109  7:20  Widow Mine x2, Medivac x2  
  117  7:25  Refinery  
  117  7:27  Supply Depot  
  117  7:33  Marine  
  117  7:34  Marine, Marauder x2  
  122  7:48  Bunker  
  122  7:49  Missile Turret  
  122  7:50  Supply Depot  
  122  7:51  Missile Turret, Marine  
  121  7:55  Medivac x2  
  121  7:56  Marine, Marauder  
  127  8:00  Marine x2, Marauder  
  127  8:09  Marine  
  127  8:17  Marauder  
  127  8:18  Liberator  
  127  8:19  Liberator  
  129  8:20  SCV x3  
  129  8:22  Armory  
  129  8:26  Supply Depot  
  132  8:30  Marauder  
  132  8:31  Barracks Reactor, Supply Depot, Barracks Tech Lab  
  132  8:32  SCV  
  132  8:33  Concussive Shells  
  135  8:37  Widow Mine x2  
  135  8:39  Marauder  
  147  8:43  Command Center  
  147  8:47  Marine x2  
  149  8:50  Ghost Academy, Starport  
  149  8:53  Supply Depot  
  149  8:54  Supply Depot  
  149  8:58  Missile Turret  
  149  9:02  Marauder x3  
  155  9:05  SCV x3, Marine x2  
  155  9:08  Supply Depot  
  160  9:10  Supply Depot  
  131  9:34  Marine x4, Marauder x2  
  131  9:35  Marauder  
  118  9:47  Starport Tech Lab  
  118  9:51  Barracks x3  
  118  9:52  Marine x4  
  111  9:56  Marauder x3, Terran Infantry Weapons Level 2  
  111  9:57  Terran Infantry Armor Level 2  
  117  10:01  Liberator x3  
  114  10:16  Ghost x3  
  114  10:21  Marine x2  
  127  10:27  Planetary Fortress  
  129  10:29  Missile Turret  
  129  10:34  Missile Turret  
  129  10:37  Missile Turret  
  129  10:40  SCV x3  
  132  10:46  Barracks Tech Lab x3  
  132  10:52  SCV x2  
  134  10:58  Marine x4, Marauder x3  
  144  11:04  Liberator  
  144  11:16  Marine x2  
  146  11:20  Ghost x2, Marine x3, Marauder x2  
  146  11:21  Marine  
  146  11:24  Refinery  
  146  11:25  Refinery  
  161  11:28  Widow Mine x2  
  165  11:34  Viking x2  
  166  11:51  Liberator x3  
  123  12:14  SCV x3  
  126  12:18  Ghost  
  126  12:19  Marine x6  
  126  12:20  Marine x2, Marauder  
  135  12:30  Command Center  
  135  12:31  Command Center  
  135  12:37  Marine x4  
  135  12:39  Liberator  
  135  12:42  Marauder x3  
  135  12:43  Marauder x2  
  149  12:46  Terran Infantry Weapons Level 3  
  149  12:48  Marauder  
  151  12:55  Marine x4  
  158  13:10  Viking  
  158  13:11  Viking  
  162  13:32  Ghost x2  
  162  13:33  Ghost  
  168  13:34  Marine  
  168  13:35  Marine x6  
  175  13:44  Command Center x2, Liberator x3  
  175  13:48  Missile Turret x2  
  175  13:50  Missile Turret  
  175  13:51  Orbital Command  
  175  13:52  Missile Turret, Marine  
  176  13:59  Marine, Marauder  
  176  14:00  Marauder x2  
  192  14:23  Refinery  
  192  14:27  Refinery  
  192  14:37  Marine x3, Marauder x2  
Tags
 
Add a new tag
Caveats
  • Supply blocks, unpowered buildings, or Contaminate may cause inaccurate times.
  • Supply counts are checked every 10 seconds.